 Dungeon Crawl Stone Soup version 0.22.0-38-g04b72b8 (webtiles) character file.

469 Gildeon the Conjurer (level 6, -1/45 HPs)
             Began as a Demigod Conjurer on Aug 31, 2018.
             Slain by Duvessa
             ... wielding a +0 short sword
              (9 damage)
             ... on level 5 of the Dungeon.
             The game lasted 00:29:31 (5108 turns).

Gildeon the Conjurer (Demigod Conjurer)             Turns: 5108, Time: 00:29:33

Health: -1/45      AC:  3    Str: 11    XL:     6   Next: 52%
Magic:  1/14       EV: 14    Int: 23    God:
Gold:   200        SH:  0    Dex: 16    Spells: 2/12 levels left

rFire    . . .     SeeInvis +   f - +3 short sword (venom)
rCold    . . .     Gourm    .   (no shield)
rNeg     . . .     Faith    .   a - +1 robe
rPois    .         Spirit   .   (no helmet)
rElec    .         Reflect  .   (no cloak)
rCorr    .         Harm     .   (no gloves)
MR       .....                  (no boots)
Stlth    ++........             (no amulet)
HPRegen  0.15/turn              b - ring of see invisible
MPRegen  0.14/turn              (no ring)

@: no status effects
A: high mp 1
a: no special abilities


You were on level 5 of the Dungeon.
You were not hungry.

You visited 1 branch of the dungeon, and saw 5 of its levels.

You collected 200 gold pieces.

Inventory:

Hand Weapons
 f - a +3 short sword of venom (weapon)
Armour
 a - a +1 robe (worn)
Jewellery
 b - a ring of see invisible (left hand)
Wands
 d - a wand of acid (11)
Scrolls
 i - a scroll of teleportation
 k - a scroll of remove curse
 m - a scroll of magic mapping
Potions
 e - 3 potions of curing
 h - a potion of magic {unknown}
 j - a potion of ambrosia
 l - a potion of flight
Comestibles
 c - 11 rations


   Skills:
 + Level 4.1 Dodging
 - Level 1.7 Stealth
 + Level 3.7 Spellcasting
 + Level 5.3 Conjurations


You had 2 spell levels left.
You knew the following spells:

 Your Spells              Type           Power        Failure   Level  Hunger
a - Magic Dart            Conj           ####         1%          1    None
b - Searing Ray           Conj           ####..       1%          2    #......
c - Dazzling Spray        Conj/Hex       ###...       11%         3    ###....
d - Iskenderun's Mystic   Conj           ####....     12%         4    ####...

Your spell library contained the following spells:

 Spells                   Type           Power        Failure   Level  Hunger
 Force Lance              Conj/Tloc      ###.....     34%         4    ####...
 Fulminant Prism          Conj/Hex       ###.......   34%         4    ####...


Dungeon Overview and Level Annotations

Branches:
Dungeon (5/15)
 Temple: D:4-7

Annotations:
D:5 Dowan, Duvessa


Innate Abilities, Weirdness & Mutations

You have an increased reservoir of magic. (+10% MP)


Message History

Dowan blinks!
Casting: Searing Ray (safe; 1% risk of failure)
Confirm with . or Enter, or press ? or * to list all spells.
Aiming: Searing Ray (safe; 1% risk of failure)
Press: ? - help, Shift-Dir - straight line, f - Duvessa
Aim: Duvessa, wielding a short sword and wearing a scale mail (moderately wounded)
The searing ray hits Duvessa.
Duvessa is moderately wounded. (Press . to maintain the ray.) Duvessa hits you with a short sword.
The searing ray hits Duvessa.
Duvessa is moderately wounded.
Duvessa closely misses you.
The searing ray hits Duvessa.
Duvessa is severely wounded.
Dowan gestures at you while chanting. The puff of frost hits you!
* * * LOW HITPOINT WARNING * * *
Duvessa hits you with a short sword!
You die...

#### #
#.e#e#####
#.@.......
#.##.#####
#........#
#Z#########


You could see Duvessa and Dowan.

Vanquished Creatures
  A phantom (D:5)
  A hound (D:4)
  An orc priest (D:4)
  2 worker ants
  A killer bee zombie (D:5)
  A hound zombie (D:3)
  4 gnolls
  8 adders
  An ooze (D:2)
  An adder zombie (D:2)
  3 worms
  3 dart slugs (D:1)
  7 leopard geckos
  7 orcs
  3 ball pythons
  6 bats
  3 giant cockroaches (D:1)
  12 goblins
  7 hobgoblins
  6 jackals
  6 kobolds
  2 quokkas
  9 frilled lizards
  6 rats
101 creatures vanquished.

Notes
Turn   | Place    | Note
-------+----------+-------------------------------------------
     0 | D:1      | Gildeon the Demigod Conjurer began the quest for the Orb.
     0 | D:1      | Reached XP level 1. HP: 14/14 MP: 5/5
   149 | D:1      | Reached XP level 2. HP: 19/20 MP: 0/7
   158 | D:1      | Learned a level 2 spell: Searing Ray
   360 | D:1      | HP: 1/20 [gnoll/flail (13)]
   361 | D:1      | Reached skill level 4 in Conjurations
   791 | D:1      | Reached XP level 3. HP: 21/26 MP: 0/8
   884 | D:1      | Learned a level 3 spell: Dazzling Spray
  2227 | D:2      | Reached XP level 4. HP: 33/33 MP: 5/10
  2378 | D:2      | Found an iron altar of Okawaru.
  3122 | D:3      | Reached XP level 5. HP: 36/38 MP: 2/12
  3758 | D:3      | Learned a level 4 spell: Iskenderun's Mystic Blast
  4580 | D:4      | Reached skill level 5 in Conjurations
  4590 | D:4      | Reached XP level 6. HP: 45/45 MP: 6/14
  4962 | D:5      | Entered Level 5 of the Dungeon
  5095 | D:5      | Noticed Dowan
  5097 | D:5      | Noticed Duvessa
  5108 | D:5      | Slain by Duvessa

Skill      XL: |  1  2  3  4  5  6 |
---------------+-------------------+-----
Dodging        | 2 3 4 |  4.1
Spellcasting   | 2 3 |  3.7
Conjurations   | 4 5 |  5.3
Stealth        | |  1.7

Action                   |  1- 3 |  4- 6 || total
-------------------------+-------+-------++-------
Melee: Club              |     1 |       ||     1
       Dagger            |    20 |       ||    20
       Short sword       |     1 |    23 ||    24
 Cast: Magic Dart        |   100 |   150 ||   250
       Searing Ray       |       |     8 ||     8
  Use: Scroll            |     3 |    13 ||    16
 Stab: Sleeping          |     1 |       ||     1
  Eat: Chunk             |     4 |     9 ||    13
Armor: Robe              |     8 |     9 ||    17
Dodge: Dodged            |    55 |    54 ||   109
